 Dungeon Crawl Stone Soup version 0.26.0-16-gc1dbca0489 (webtiles) character file.

Game seed: 8119407698699890970

210 zcampers the Cudgeller (level 5, -1/48 HPs)
             Began as a Minotaur Berserker on Jan 20, 2021.
             Was a Follower of Trog.
             Killed by divine providence
             ... invoked by an orc priest
              (12 damage)
             ... on level 2 of the Dungeon.
             The game lasted 00:02:27 (1411 turns).

zcampers the Cudgeller (Minotaur Berserker)         Turns: 1411, Time: 00:02:28

Health: -1/48      AC:  7    Str: 21    XL:     5   Next: 57%
Magic:  4/4        EV: 11    Int:  5    God:    Trog [*.....]
Gold:   45         SH:  0    Dex: 10    Spells: 4/4 levels left

rFire    . . .     SeeInvis .   a - +0 mace
rCold    . . .     Faith    .   (no shield)
rNeg     . . .     Spirit   .   h - +0 scale mail
rPois    .         Reflect  .   (helmet restricted)
rElec    .         Harm     .   (no cloak)
rCorr    .         Rampage  .   (no gloves)
Will     .....                  (no boots)
Stlth    ..........             (no amulet)
HPRegen  0.16/turn              (no ring)
MPRegen  0.09/turn              (no ring)

@: no status effects
A: retaliatory headbutt, horns 2
a: Renounce Religion, Berserk


You were on level 2 of the Dungeon.
You worshipped Trog.
Trog was aware of your devotion.
You visited 1 branch of the dungeon, and saw 2 of its levels.

You collected 45 gold pieces.

Inventory:

Hand Weapons
 a - a +0 mace (weapon)
Armour
 h - a +0 scale mail (worn)
Scrolls
 f - 2 scrolls of remove curse
 j - 2 scrolls of identify
 k - a scroll of magic mapping
Potions
 c - a potion of mutation {unknown}
 d - a potion of ambrosia {unknown}


   Skills:
 + Level 5.0 Fighting
 + Level 5.5 Maces & Flails
 + Level 4.0 Armour
 + Level 2.8 Dodging


You had 4 spell levels left.
You didn't know any spells.
Your spell library was empty.

Dungeon Overview and Level Annotations

Branches:
Dungeon (2/15)

Altars:

Annotations:
D:2 1 runed translucent door, Crazy Yiuf


Innate Abilities, Weirdness & Mutations

You reflexively headbutt those who attack you in melee.
You have a pair of horns on your head.


Message History

Deactivating autopickup; reactivate with Ctrl-A.
The orc priest invokes the aid of Beogh against you.
Beogh smites you! The orc hits you with a +0 mace.
You hit the orc but do no damage.
The orc wizard mumbles some strange words.
The orc wizard blinks!
You closely miss something. You miss something. You headbutt something.
Something hits you but does no damage.
The orc priest invokes the aid of Beogh against you.
Beogh smites you!
You closely miss the orc priest. Something hits you.
The orc priest hits you with a +1 hand axe of distortion.
* * * LOW HITPOINT WARNING * * *
You blink.
You hear some strange, mumbled words.
Something tries to affect you, but you resist.
The orc priest invokes the aid of Beogh against you.
Beogh smites you!
You die...

.##.## #.#.. .#...## #.#.
#...>.#### #.. ####
.........###.# #.###....##
......##...^.# ##..o.o.....
.#...###.#######.o)#.......
.##.## #.........o.#.8...8.
............[......#.......
.###############@#.#.o.....
. #.#.#....... #.#.#.8o..8.
#.#.#...o... #.#.# #.#.#
... #.#


You could see an orc priest, an orc wizard (fast) and an orc.

Vanquished Creatures
  Sigmund (D:2)
  2 adders (D:2)
  2 worms (D:2)
  2 dart slugs
  3 orcs (D:2)
  3 bats (D:2)
  2 giant cockroaches (D:1)
  2 goblins
  3 hobgoblins
  4 kobolds
  A ball python (D:2)
  A frilled lizard (D:1)
  2 rats (D:1)
28 creatures vanquished.

Notes
Turn   | Place    | Note
-------+----------+-------------------------------------------
     0 | D:1      | zcampers the Minotaur Berserker began the quest for the
                  | Orb.
     0 | D:1      | Reached XP level 1. HP: 19/19 MP: 0/0
   222 | D:1      | Reached XP level 2. HP: 23/27 MP: 1/1
   751 | D:2      | Found a runed translucent door.
   752 | D:2      | Noticed Crazy Yiuf
   822 | D:2      | Reached XP level 3. HP: 22/33 MP: 2/2
  1103 | D:2      | Noticed Sigmund
  1118 | D:2      | Killed Sigmund
  1119 | D:2      | Reached skill level 5 in Fighting
  1119 | D:2      | Reached skill level 5 in Maces & Flails
  1119 | D:2      | Reached XP level 4. HP: 8/42 MP: 3/3
  1119 | D:2      | Reached XP level 5. HP: 9/48 MP: 4/4
  1411 | D:2      | Killed from afar by an orc priest

Illustrated notes

Levels and vault maps discovered:
D:1:      giann_forest_graveyard, layout_loops_ring
D:2:      cheibrodos_pilgrimage, layout_loops_ring,
          chequers_serial_rivers_large_a, uniq_crazy_yiuf_cottage, uniq_sigmund

Skill      XL: |  1  2  3 |
---------------+----------+-----
Fighting       | 4 5 |  5.0
Maces & Flails | 4 5 |  5.5
Armour         | 3 4 |  4.0
Dodging        | |  2.8

Action                   |  1- 3 |  4- 6 || total
-------------------------+-------+-------++-------
Melee: Mace              |    46 |    19 ||    65
       Headbutt          |    10 |     3 ||    13
  Use: Scroll            |     5 |       ||     5
       Potion            |     3 |       ||     3
Armor: Scale mail        |    20 |    11 ||    31
Dodge: Dodged            |    30 |     8 ||    38
